 Dungeon Crawl Stone Soup version 0.20-a0-650-gd54866b (webtiles) character file.

3784 Aksej the Covert (level 10, -1/63 HPs)
             Began as an Octopode Assassin on Feb 16, 2017.
             Was a Believer of Dithmenos.
             Slain by Gastronok (36 damage)
             ... on level 9 of the Dungeon.
             The game lasted 00:19:11 (7971 turns).

Aksej the Covert (Octopode Assassin)                Turns: 7971, Time: 00:19:12

Health: -1/63      AC:  5    Str: 12    XL:     10   Next: 16%
Magic:  19/19      EV: 16    Int: 13    God:    Dithmenos [**....]
Gold:   534        SH:  0    Dex: 19    Spells: 9/9 levels left

rFire    + + +     SeeInvis .   b - +4 Vampire's Tooth {vamp}
rCold    . . .     Gourm    .   (no shield)
rNeg     . . .     Faith    .   j - +2 hat
rPois    .         Spirit   .   (no amulet)
rElec    .         Reflect  .   q - +3 ring of dexterity
rCorr    +         Harm     .   i - ring of magical power
MR       .....     Clarity  +   l - ring of protection from fire
Stlth    +++++++++.             u - ring of protection from fire (curse)
Regen    0.2/turn               w - ring of resist corrosion
MPRegen  0.2/turn               (no ring)
                                (no ring)
                                (no ring)

@: very slightly contaminated, hasted, wreathed by umbra, very quick
A: almost no armour, stealthy swim, amphibious, 8 rings, constrict 8, thin
metallic scales 1, camouflage 1, clarity, fire resistance 1, wild magic 1,
gelatinous body 1, MP-powered wands
a: Shadow Step, Renounce Religion


You were on level 9 of the Dungeon.
You worshipped Dithmenos.
Dithmenos was pleased with you.
You were not hungry.

You visited 2 branches of the dungeon, and saw 10 of its levels.

You collected 534 gold pieces.

Inventory:

Hand Weapons
 a - a +2 dagger
 b - the +4 Vampire's Tooth (weapon) {vamp}
   (You found it on level 4 of the Dungeon)

   It inflicts no extra harm, but heals its wielder when it wounds a living foe.
 p - a +0 blowgun
Missiles
 c - 23 poisoned needles
 d - 2 curare-tipped needles
 k - 3 tomahawks (quivered)
Armour
 j - a +2 hat (worn)
Jewellery
 i - a ring of magical power (right tentacle)
 l - a ring of protection from fire (on tentacle)
 q - a +3 ring of dexterity (left tentacle)
 u - a cursed ring of protection from fire (on tentacle)
 w - a ring of resist corrosion (on tentacle)
Wands
 e - a wand of polymorph (21/24)
 h - a wand of random effects (14/48)
 t - a wand of paralysis (8/24)
 y - a wand of confusion (41/48)
Scrolls
 s - 6 scrolls of teleportation
 v - 3 scrolls of enchant armour
 x - a scroll of vulnerability
Potions
 g - 3 potions of brilliance
 z - 3 potions of lignification
 B - a potion of haste
 C - a potion of berserk rage {unknown}
Books
 n - a book of Cantrips

   Spells                             Type                      Level
   a - Confusing Touch                Hexes                        1
   b - Animate Skeleton               Necromancy                   1
   c - Summon Small Mammal            Summoning                    1
   d - Apportation                    Translocation                1
 A - a Young Poisoner's Handbook

   Spells                             Type                      Level
   a - Sting                          Conjuration/Poison           1
   b - Poisonous Vapours              Poison/Air                   2
   c - Mephitic Cloud                 Conjuration/Poison/Air       3
   d - Olgreb's Toxic Radiance        Poison                       4
   e - Venom Bolt                     Conjuration/Poison           5
Comestibles
 f - 5 bread rations
 m - 3 meat rations
 D - a royal jelly
 E - 4 chunks of flesh


   Skills:
 + Level 4.1 Fighting
 * Level 8.2 Short Blades
 + Level 2.0 Throwing
 + Level 4.6 Dodging
 * Level 14.6 Stealth


You had 9 spell levels left.
You didn't know any spells.

Dungeon Overview and Level Annotations

Branches:
Dungeon (9/15)             Temple (1/1) D:6
   Lair: D:8-11         Orc: D:9-12

Altars:
Ashenzari
Cheibriados
Dithmenos
Elyvilon
Fedhas
Gozag
Hepliaklqana
Kikubaaqudgha
Makhleb
Nemelex Xobeh
Okawaru
Qazlal
Ru
Sif Muna
Trog
Uskayaw
Vehumet
Xom
Yredelemnul
Zin
The Shining One

Shops:
D:6 }   D:8 ?

Annotations:
D:9 Gastronok


Innate Abilities, Weirdness & Mutations

You cannot wear most types of armour.
You are very stealthy in the water. (Stealth+)
You are amphibious.
You can wear up to eight rings at the same time.
You can use your tentacles to constrict eight enemies at once.
Your skin changes colour to match your surroundings (Stealth+).
Your rubbery body absorbs attacks. (AC +1, EV +1)
You are partially covered in thin metallic scales. (AC +2)
You possess an exceptional clarity of mind.
Your flesh is heat resistant. (rF+)
Your spells are a little harder to cast, but a little more powerful.
You expend magic power (3 MP) to strengthen your wands.


Message History

Gastronok bites you but does no damage.
You hit Gastronok but do no damage.
Gastronok is moderately wounded.
You hit Gastronok. You squeeze Gastronok!
Gastronok is heavily wounded.
You hit Gastronok. You squeeze Gastronok.
Gastronok is heavily wounded.
You hit Gastronok.
You feel better.
Gastronok is heavily wounded.
You hit Gastronok.
You feel better.
You squeeze Gastronok!
Gastronok is heavily wounded.
Gastronok bites you!!
Ouch! That really hurt!
* * * LOW HITPOINT WARNING * * *
You hit Gastronok.
You feel better.
You squeeze Gastronok.
Gastronok is severely wounded.
You feel better.
You feel better. Gastronok bites you!!!
Ouch! That really hurt!
You die...

#.# #.# #.#
######################
†)...................##
##...........#######..###..
..............[.@w.....[.>..
##...........########.###..o
#.........>.# ..# .
#...........#########.#
############........# ).
...a...#####........# #.#
...............w....# .#
.......#####....)...#
.......<...............


You could see Gastronok.

Vanquished Creatures
  A two-headed ogre (D:7)
  A hippogriff (D:8)
  3 ice beasts
  A sky beast (D:8)
  A phantom (D:7)
  A necrophage (D:6)
  An ogre (D:3)
  A centaur (D:6)
  Blork the orc (D:4)
  5 bullfrogs
  9 scorpions
  2 vampire bats (D:4)
  7 howler monkeys
  3 crimson imps (D:7)
  3 jellies
  4 hounds
  Crazy Yiuf (D:4)
  2 bullfrog skeletons
  A centaur skeleton (D:6)
  Terence (D:3)
  5 orc wizards
  6 worker ants
  3 hound skeletons
  A worker ant zombie (D:5)
  17 adders
  An adder zombie (D:6)
  3 worms (D:4)
  A dart slug (D:3)
  5 leopard geckos
  23 orcs
  8 giant cockroaches
  3 goblins
  10 hobgoblins
  13 jackals
  6 quokkas
  A ball python (D:2)
  22 bats
  5 frilled lizards
  9 kobolds
  2 quokka zombies
  5 rats
198 creatures vanquished.

Vanquished Creatures (others)
  7 fungi (D:7)
7 creatures vanquished.

Grand Total: 205 creatures vanquished

Notes
Turn   | Place    | Note
-------+----------+-------------------------------------------
     0 | D:1      | Aksej the Octopode Assassin began the quest for the Orb.
     0 | D:1      | Reached XP level 1. HP: 14/14 MP: 1/1
   301 | D:1      | Reached XP level 2. HP: 8/19 MP: 2/2
   546 | D:1      | Reached skill level 6 in Stealth
  1140 | D:2      | Found a hazy altar of Hepliaklqana.
  1167 | D:2      | Reached XP level 3. HP: 23/24 MP: 3/3
  1664 | D:3      | Noticed Terence
  1679 | D:3      | Killed Terence
  1679 | D:3      | Reached skill level 7 in Stealth
  1679 | D:3      | Reached XP level 4. HP: 29/29 MP: 4/4
  1778 | D:3      | Found a radiant altar of Vehumet.
  1861 | D:3      | Noticed an ogre
  1870 | D:3      | Killed an ogre
  1870 | D:3      | Reached XP level 5. HP: 4/34 MP: 5/5
  2339 | D:3      | Reached skill level 8 in Stealth
  2835 | D:4      | Noticed Blork the orc
  2843 | D:4      | Reached XP level 6. HP: 39/39 MP: 6/6
  3010 | D:4      | Killed Blork the orc
  3112 | D:4      | Reached XP level 7. HP: 24/45 MP: 7/7
  3133 | D:4      | Reached skill level 5 in Short Blades
  3302 | D:4      | Found a runed door.
  3306 | D:4      | Noticed Crazy Yiuf
  3313 | D:4      | Killed Crazy Yiuf
  3313 | D:4      | Reached skill level 9 in Stealth
  3704 | D:5      | Entered Level 5 of the Dungeon
  4139 | D:5      | Found a glowing silver altar of Zin.
  4256 | D:5      | Reached XP level 8. HP: 52/52 MP: 8/8
  4600 | D:6      | Found a staircase to the Ecumenical Temple.
  4606 | D:6      | Found Unorof's Gadget Shop.
  4614 | D:6      | Reached skill level 10 in Stealth
  4635 | Temple   | Entered the Ecumenical Temple
  4673 | Temple   | Became a worshipper of Dithmenos the Shadowed
  4992 | D:6      | Reached skill level 11 in Stealth
  5871 | D:7      | Reached * piety under Dithmenos
  5965 | D:7      | Noticed a two-headed ogre
  5967 | D:7      | Killed a two-headed ogre
  5967 | D:7      | Reached skill level 12 in Stealth
  5967 | D:7      | Reached XP level 9. HP: 57/57 MP: 9/9
  6005 | D:7      | Found an opulent altar of Gozag.
  6067 | D:7      | Reached skill level 13 in Stealth
  6635 | D:7      | Gained mutation: Your muscles are strong. (Str +2) [potion of mutation]
  6635 | D:7      | Gained mutation: Your spells are a little harder to cast, but a little more powerful. [potion of mutation]
  6635 | D:7      | Gained mutation: You are partially covered in molten scales. (AC +2) [potion of mutation]
  6636 | D:7      | Lost mutation: You are partially covered in molten scales. (AC +2) [potion of mutation]
  6636 | D:7      | Lost mutation: Your muscles are strong. (Str +2) [potion of mutation]
  6636 | D:7      | Gained mutation: You expend magic power (3 MP) to strengthen your wands. [potion of mutation]
  6636 | D:7      | Gained mutation: You are partially covered in thin metallic scales. (AC +2) [potion of mutation]
  6636 | D:7      | Gained mutation: You possess an exceptional clarity of mind. [potion of mutation]
  6811 | D:8      | Reached ** piety under Dithmenos
  6926 | D:8      | Reached skill level 14 in Stealth
  6930 | D:8      | Gained mutation: You are dopey. (Int -2) [mutagenic meat]
  6931 | D:8      | Lost mutation: You are dopey. (Int -2) [mutagenic meat]
  6933 | D:8      | Gained mutation: Your flesh is heat resistant. (rF+) [mutagenic meat]
  6934 | D:8      | Lost mutation: Your flesh is heat resistant. (rF+) [mutagenic meat]
  6935 | D:8      | Gained mutation: Your flesh is heat resistant. (rF+) [mutagenic meat]
  7163 | D:8      | Reached XP level 10. HP: 53/63 MP: 10/10
  7346 | D:8      | Found Tanaro's Magic Scroll Boutique.
  7903 | D:9      | Noticed Gastronok
  7971 | D:9      | Slain by Gastronok

Vault maps used:
D:1:      dpeg_arrival_concentric_ovals
D:2:      old_standard_altar, serial_bayou_lagoon_b
D:3:      marbit_many_paths, uniq_terence
D:4:      gup_sewer_entry_spiral, minmay_guarded_unrand_vampires_tooth,
          uniq_blork_the_orc, uniq_crazy_yiuf_cottage
D:5:      old_standard_altar, first_bread
D:6:      hangedman_cross_stitches, minmay_temple_entry_purple_smoke,
          serial_shops, shop
D:7:      old_forge, basic_altar
D:8:      serial_shops, shop
D:9:      lair_entry_dummy, basic_altar, uniq_gastronok
Temple:   compressed_dpeg_circular_temple

Skill      XL: |  1  2  3  4  5  6  7  8  9 10 |
---------------+-------------------------------+-----
Stealth        | 6 7 8 9 12 14 | 14.6
Short Blades   | 3 4 5 7 8 |  8.2
Dodging        | 2 3 4 |  4.6
Fighting       | 3 4 |  4.1
Throwing       | |  2.0

Action                   |  1- 3 |  4- 6 |  7- 9 | 10-12 || total
-------------------------+-------+-------+-------+-------++-------
Melee: Dagger            |    72 |   138 |   272 |    82 ||   564
       Constrict         |    22 |    21 |    45 |    13 ||   101
       Tentacles         |     9 |    20 |    56 |    30 ||   115
Throw: Tomahawk          |       |     3 |     2 |       ||     5
  Use: Scroll            |     6 |     2 |    11 |       ||    19
       Potion            |     1 |     1 |     5 |     6 ||    13
 Stab: Sleeping          |     8 |    12 |    35 |     1 ||    56
       Distracted        |       |     1 |       |       ||     1
       Held in net/web   |       |       |     2 |       ||     2
  Eat: Chunk             |     2 |     5 |    17 |     3 ||    27
       Fruit             |       |       |     2 |       ||     2
       Bread ration      |       |       |     1 |       ||     1
Armor: Skin              |     6 |    48 |    23 |    12 ||    89
Dodge: Dodged            |    44 |    67 |   142 |    47 ||   300
